 Dungeon Crawl Stone Soup version 0.20.1-1-g8b1a95d (webtiles) character file.

520 Lorindel the Insei (level 7, -3/45 HPs)
             Began as an Octopode Transmuter on July 20, 2017.
             Slain by an orc wizard
             ... wielding a +1 dagger of venom
              (6 damage)
             ... on level 4 of the Dungeon.
             The game lasted 00:27:07 (4792 turns).

Lorindel the Insei (Octopode Transmuter)            Turns: 4792, Time: 00:27:09

Health: -3/45      AC:  2    Str:  9    XL:     7   Next: 21%
Magic:  9/11       EV: 21    Int: 18    God:
Gold:   265        SH:  0    Dex: 17    Spells: 2/12 levels left

rFire    . . .     SeeInvis .     - Unarmed
rCold    + . .     Gourm    .   (shield currently unavailable)
rNeg     . . .     Faith    .   (helmet currently unavailable)
rPois    x         Spirit   .   (no amulet)
rElec    .         Reflect  .   o - ring of protection from cold
rCorr    .         Harm     .   (no ring)
MR       .....                  (no ring)
Stlth    +++.......             (no ring)
Regen    0.2/turn               (no ring)
MPRegen  0.2/turn               (no ring)
                                (no ring)
                                (no ring)

@: lethally poisoned (-3 -> -34), spider-form (expiring)
A: almost no armour, stealthy swim, (amphibious), 8 rings, (constrict 8)
a: End Transformation


You were on level 4 of the Dungeon.
You were not hungry.
You were a venomous arachnid creature.
You visited 1 branch of the dungeon, and saw 4 of its levels.

You collected 265 gold pieces.

Inventory:

Hand Weapons
 d - a +0 blowgun
 m - a cursed -3 short sword
Missiles
 a - 59 arrows
 j - 3 needles of confusion
 n - 11 poisoned needles
Jewellery
 k - an uncursed amulet of regeneration
 o - a ring of protection from cold (left front leg)
Wands
 l - a wand of iceblast (11/15)
Scrolls
 f - 2 scrolls of remove curse
Potions
 e - 2 potions of brilliance
 h - a potion of might
 i - a potion of invisibility
Books
 b - a book of Changes

   Spells                             Type                      Level
   a - Beastly Appendage              Transmutation                1
   b - Sticks to Snakes               Transmutation                2
   c - Spider Form                    Transmutation/Poison         3
   d - Ice Form                       Ice/Transmutation            4
   e - Blade Hands                    Transmutation                5
Comestibles
 c - 4 bread rations
 g - 2 royal jellies


   Skills:
 + Level 2.4 Fighting
 + Level 3.2 Dodging
 + Level 3.6 Stealth
 + Level 4.1 Unarmed Combat
 + Level 3.2 Spellcasting
 + Level 3.3 Transmutations
 + Level 0.4 Ice Magic
 + Level 3.2 Poison Magic
 + Level 0.2 Evocations


You had 2 spell levels left.
You knew the following spells:

 Your Spells              Type           Power        Failure   Level  Hunger
a - Beastly Appendage     Tmut           ##....       13%         1    None
b - Sticks to Snakes      Tmut           ##......     17%         2    ##.....
c - Spider Form           Tmut/Pois      ##........   28%         3    ###....
d - Ice Form              Ice/Tmut       #.......     78%         4    ####...


Dungeon Overview and Level Annotations

Branches:
Dungeon (4/15)
 Temple: D:4-7

Altars:


Innate Abilities, Weirdness & Mutations

You cannot wear most types of armour.
You are very stealthy in the water. (Stealth+)
((You are amphibious.))
You can wear up to eight rings at the same time.
((You can use your tentacles to constrict eight enemies at once.))
((Your skin changes colour to match your surroundings (Stealth+).))
((Your rubbery body absorbs attacks. (AC +1, EV +1)))


Message History

The orc priest is severely wounded.
* * * LOW HITPOINT WARNING * * *
You feel sick. The orc misses you.
The orc priest mumbles some strange prayers to Beogh against you.
You struggle to resist.
Evoke which item? (* to show all) (? for menu, Esc to quit)
You have no means to grasp a wand firmly enough.
You hit the orc priest.
You kill the orc priest!
* * * LOW HITPOINT WARNING * * *
You feel very sick.
The orc wizard hits you but does no damage.
The orc hits you but does no damage.
You hit the orc wizard.
The orc wizard is poisoned.
The orc wizard is heavily wounded.
Your transformation is almost over.
* * * LOW HITPOINT WARNING * * *
You feel sick.
The orc wizard hits you with a dagger of venom.
You die...

##.#.....#.####
#P..♣. .........#.#
###.P. .#.#.....#.#
#♣♣♣
.#.......#.##########
♣
.#.).....#.##.......#
#
.........#.##$......#
#
...#.....#.##.......#
#
...#######.##..o.o..#
##
..>.............s)..#
##.
...#######.######.###
#.P ...# #.# .# #♣#
... #.# .# #.# .# ...
.# ##. .# .#


You could see an orc wizard and an orc.

Vanquished Creatures
  An ogre (D:4)
  A big kobold (D:4)
  2 centaur skeletons (D:4)
  2 orc priests (D:4)
  An iguana (D:4)
  An orc wizard (D:4)
  2 worker ants
  4 adders
  An ooze (D:3)
  2 adder skeletons (D:4)
  2 worms (D:3)
  4 dart slugs
  2 leopard geckos
  3 orcs (D:4)
  7 bats
  A giant cockroach (D:3)
  2 goblins
  8 hobgoblins
  9 jackals
  2 ball pythons (D:1)
  5 frilled lizards
  24 kobolds
  8 rats
  7 plants (D:4)
101 creatures vanquished.

Notes
Turn   | Place    | Note
-------+----------+-------------------------------------------
     0 | D:1      | Lorindel the Octopode Transmuter began the quest for the Orb.
     0 | D:1      | Reached XP level 1. HP: 13/13 MP: 3/3
   234 | D:1      | Reached XP level 2. HP: 17/18 MP: 3/5
   241 | D:1      | Learned a level 2 spell: Sticks to Snakes
   789 | D:1      | Reached skill level 1 in Stealth
  1024 | D:1      | Reached XP level 3. HP: 20/23 MP: 4/6
  1032 | D:1      | Learned a level 3 spell: Spider Form
  1674 | D:2      | Reached XP level 4. HP: 11/28 MP: 5/7
  2222 | D:3      | Reached skill level 1 in Poison Magic
  2534 | D:3      | Found a faded altar of an unknown god.
  3349 | D:4      | Noticed an ogre
  3361 | D:4      | Killed an ogre
  3361 | D:4      | Reached XP level 5. HP: 21/34 MP: 3/9
  3369 | D:3      | Reached XP level 6. HP: 5/39 MP: 2/10
  3378 | D:3      | HP: 1/39 [poisoned by a worker ant]
  4240 | D:4      | Reached skill level 4 in Unarmed Combat
  4257 | D:4      | Reached XP level 7. HP: 7/45 MP: 6/11
  4266 | D:4      | Learned a level 4 spell: Ice Form
  4792 | D:4      | Slain by an orc wizard

Skill      XL: |  1  2  3  4  5  6 |
---------------+-------------------+-----
Stealth        | 1 2 3 |  3.6
Poison Magic   | 2 3 |  3.2
Fighting       | 2 |  2.4
Dodging        | 3 |  3.2
Spellcasting   | 3 |  3.2
Unarmed Combat | 4 |  4.1
Transmutations | 3 |  3.3
Ice Magic      | |  0.4
Evocations     | |  0.2

Action                   |  1- 3 |  4- 6 |  7- 9 || total
-------------------------+-------+-------+-------++-------
Melee: Unarmed           |    82 |   295 |    22 ||   399
       Constrict         |    24 |    22 |     1 ||    47
       Tentacles         |     7 |    58 |       ||    65
       Kick              |    13 |    35 |       ||    48
       Punch             |     2 |     8 |       ||    10
 Cast: Beastly Appendage |    23 |    17 |     1 ||    41
       Spider Form       |     1 |     7 |     2 ||    10
       Sticks to Snakes  |       |     2 |       ||     2
  Use: Potion            |     1 |     5 |       ||     6
       Scroll            |       |     7 |       ||     7
 Stab: Sleeping          |     4 |     5 |       ||     9
  Eat: Chunk             |     3 |     8 |       ||    11
       Meat ration       |       |     1 |       ||     1
Armor: Skin              |    10 |     4 |     2 ||    16
Dodge: Dodged            |    61 |   113 |    26 ||   200
